 Dungeon Sprint DCSS version 0.23-a0-295-g2e428d4 (webtiles) character file.

78 emperorscorpion the Charmwright (level 4, 0/37 HPs)
             Began as a Barachi Skald on Oct 4, 2018.
             Slain by a hound (4 damage)
             ... in the Dungeon (Sprint IX: "|||||||||||||||||||||||||||||").
             The game lasted 00:01:12 (66 turns).

emperorscorpion the Charmwright (Barachi Skald)       Turns: 66, Time: 00:01:13

Health: 0/37       AC:  3    Str: 12    XL:     4   Next: 36%
Magic:  5/10       EV: 13    Int: 13    God:
Gold:   0          SH:  0    Dex: 13    Spells: 10/11 levels left

rFire    . . .     SeeInvis .   a - +0 spear
rCold    . . .     Gourm    .   (no shield)
rNeg     . . .     Faith    .   b - +0 leather armour
rPois    .         Spirit   .   (no helmet)
rElec    .         Reflect  .   (no cloak)
rCorr    .         Harm     .   (no gloves)
MR       .....     NoTele   +   (no boots)
Stlth    +.........             (no amulet)
HPRegen  0.12/turn              (no ring)
MPRegen  0.12/turn              (no ring)

@: berserk cooldown, hasted and slowed, slow
A: +LOS, swims, slowness 1, strong legs 1
a: Hop


You were in the Dungeon.
You were not hungry.

You visited 1 branch

Inventory:

Hand Weapons
 a - a +0 spear (weapon)
Armour
 b - a +0 leather armour (worn)
Scrolls
 j - a scroll of blinking
Potions
 h - 2 potions of magic
Comestibles
 d - a ration


   Skills:
 + Level 3.9 Fighting
 + Level 4.1 Polearms
 + Level 1.8 Armour
 + Level 4.1 Dodging
 + Level 4.0 Spellcasting
 + Level 6.1 Charms


You had 10 spell levels left.
You knew the following spells:

 Your Spells              Type           Power        Failure   Level  Hunger
a - Infusion              Chrm           ###.         2%          1    None

Your spell library contained the following spells:

 Spells                   Type           Power        Failure   Level  Hunger
 Song of Slaying          Chrm           ###.....     3%          2    ##.....
 Shroud of Golubria       Chrm/Tloc      ##........   12%         2    ##.....
 Regeneration             Chrm/Necr      ##........   22%         3    ###....
 Spectral Weapon          Hex/Chrm       ##......     22%         3    ###....


Dungeon Overview and Level Annotations

Branches:
Dungeon (1/1)

Altars:


Innate Abilities, Weirdness & Mutations

Shadows flee at your approach. (+LOS)
You can swim through water.
You cover ground slowly.
You can hop short distances.


Message History

You hit the hound.
The hound is severely wounded.
The hound closely misses you. The hound barely misses you.
You miss the hound.
The hound is severely wounded.
The hound bites you.
* * * LOW HITPOINT WARNING * * *
You closely miss the hound.
The hound is severely wounded.
The hound closely misses you.
You miss the hound.
The hound is severely wounded.
The hound closely misses you. The hound bites you but does no damage.
You barely miss the hound.
The hound is severely wounded.
The hound completely misses you.
You closely miss the hound.
The hound is severely wounded.
The hound bites you.
You die...

▓.▓
▓.▓
▓(▓
▓†▓
▓.▓
▓.▓
▓.▓
▓5▓
▓@▓
▓h▓
▓.▓
▓.▓
▓.▓
▓.▓
▓.▓
▓+▓


You could see a hound and a crimson imp.

Vanquished Creatures
  A hound (D)
  An orc wizard (D)
  An adder (D)
  2 dart slugs (D)
  A bat (D)
  A jackal (D)
  A kobold (D)
8 creatures vanquished.

Notes
Turn   | Place    | Note
-------+----------+-------------------------------------------
     0 | D        | emperorscorpion the Barachi Skald began the quest for the
                  | Orb.
     0 | D        | Reached XP level 1. HP: 17/17 MP: 3/3
    13 | D        | Reached skill level 4 in Charms
    17 | D        | Reached XP level 2. HP: 21/23 MP: 0/5
    31 | D        | Noticed a crimson imp
    36 | D        | Reached skill level 5 in Charms
    36 | D        | Reached XP level 3. HP: 29/29 MP: 1/8
    48 | D        | Reached skill level 6 in Charms
    48 | D        | Reached XP level 4. HP: 24/37 MP: 2/10
    66 | D        | Slain by a hound

Vault maps used:
D:        linesprint

Skill      XL: |  1  2  3 |
---------------+----------+-----
Charms         | 4 5 6 |  6.1
Fighting       | 3 |  3.9
Polearms       | 3 4 |  4.1
Dodging        | 3 4 |  4.1
Spellcasting   | 3 4 |  4.0
Armour         | |  1.8

Action                   |  1- 3 |  4- 6 || total
-------------------------+-------+-------++-------
Melee: Spear             |    36 |    15 ||    51
 Cast: Infusion          |     1 |       ||     1
  Use: Potion            |     1 |     3 ||     4
Armor: Leather armour    |     6 |     3 ||     9
Dodge: Dodged            |    18 |    26 ||    44

Table legend:
 A = Non-vault XP
 B = Vault XP
 C = Vault XP percentage of total XP
 D = Non-vault monster count
 E = Vault monster count
 F = Vault count percentage of total count
                 A         B        C        D         E       F
            +---------+---------+-------+---------+---------+-------
      Total |       0 |     112 | 100.0 |       0 |       8 | 100.0
            +---------+---------+-------+---------+---------+-------
          D |       0 |     112 | 100.0 |       0 |       8 | 100.0
            +---------+---------+-------+---------+---------+-------
